 Dungeon Crawl Stone Soup version 0.29-a0-284-gf9362112df (webtiles) character file.

Game seed: 13042240493988975990

6174 sokol815 the Fighter (level 11, -5/102 HPs)
             Began as a Djinni Gladiator on Mar 25, 2022.
             Was the Champion of Jiyva.
             Slain by a yak (12 damage)
             ... on level 1 of the Lair of Beasts.
             The game lasted 00:22:15 (6866 turns).

sokol815 the Fighter (Djinni Gladiator)             Turns: 6866, Time: 00:22:15

Health: -5/102     AC: 12    Str: 21    XL:     11   Next: 13%
Gold:   407        EV:  9    Int: 14    God:    Jiyva [******] SH:  0 Dex: 24

rFire   + + .      SeeInvis .   a - +9 mace of Xukkurph {freeze, *Corrode Fragile Str+8 Dex+9}
rCold   x . .      Faith    .   (no shield)
rNeg    . . .      Spirit   .   w - +0 chain mail {Will+}
rPois   ∞          Reflect  .   g - +0 helmet
rElec   .          Harm     .   z - +0 cloak
rCorr   +          Rampage  .   l - +0 pair of gloves
rMut    +                       (boots unavailable)
Will    ++...                   (no amulet)
Stlth   ++........              (no ring)
HPRegen 1.87/turn               (no ring)
MPRegen 0.00/turn

@: marked, flying
A: sickness immunity, fire resistance 2, cold vulnerability 1, float, innate
caster, HP casting, extra vitality 1, camouflage 3, mutation resistance 3,
robust 2, shaggy fur 1, acidic bite, tendrils
a: Renounce Religion, Oozemancy, Slimify


You were on level 1 of the Lair of Beasts.
You worshipped Jiyva.
Jiyva was exalted by your worship.
You visited 2 branches of the dungeon, and saw 11 of its levels.

You collected 407 gold pieces.

Inventory:

Hand Weapons
 a - the +9 mace of Xukkurph (weapon) {freeze, *Corrode Fragile Str+8 Dex+9}
   (You found it on level 3 of the Dungeon)

   It freezes those it strikes, dealing additional cold damage.
   It can also slow down cold-blooded creatures.
   Str:       It affects your strength (+8).
   Dex:       It affects your dexterity (+9).
   *Corrode:  It may corrode you when you take damage.
   Fragile:   It will be destroyed if unequipped.
 h - a +0 spear of venom
   (You found it on level 2 of the Dungeon)
 i - a +1 antimagic war axe
   (You took it off an orc warrior on level 7 of the Dungeon)
 j - a +1 whip of electrocution
   (You took it off a kobold on level 1 of the Dungeon)
 m - a +1 mace of draining
   (You found it on level 3 of the Dungeon)
 p - the +5 whip "Jearph" {freeze, rN+}
   (You found it on level 2 of the Dungeon)

   It freezes those it strikes, dealing additional cold damage.
   It can also slow down cold-blooded creatures.
   rN:        It protects you from negative energy.
 u - a +5 short sword
   (You took it off a kobold on level 4 of the Dungeon)
 A - a +0 spectral war axe
 E - a +4 scimitar of flaming
   (You took it off Erica on level 8 of the Dungeon)
Missiles
 s - 155 stones
 t - 8 boomerangs
 v - 4 javelins
 y - 3 throwing nets {!d}
 F - 2 poisoned darts
Armour
 b - a +0 leather armour
 g - a +0 helmet (worn)
 k - a +0 chain mail
   (You took it off Terence on level 3 of the Dungeon)
 l - a +0 pair of gloves (worn)
   (You found it on level 3 of the Dungeon)
 o - a +1 robe of willpower
   (You took it off Sigmund on level 2 of the Dungeon)
 w - a +0 chain mail of willpower (worn)
   (You took it off an orc on level 7 of the Dungeon)
 z - a +0 cloak (worn)
   (You found it on level 7 of the Dungeon)
 B - a +2 robe of fire resistance
   (You took it off Erica on level 8 of the Dungeon)
Jewellery
 c - a ring of ice {rC+, rF-}
   (You found it on level 5 of the Dungeon)
 f - a ring of fire {rF+, rC-}
   (You found it on level 8 of the Dungeon)
Wands
 d - a wand of digging (4)
   (You took it off a gnoll on level 7 of the Dungeon)
 e - a wand of charming (3)
   (You took it off Ijyb on level 5 of the Dungeon)
 q - a wand of flame (7)
   (You took it off Sigmund on level 2 of the Dungeon)
Scrolls
 r - a scroll of brand weapon
Potions
 n - 2 potions of degeneration {unknown}
 C - a potion of flight {unknown}
 J - 2 potions of curing {@q1}
 N - 2 potions of heal wounds {@q2}
 R - a potion of resistance
 U - 2 potions of mutation {!q}


   Skills:
 - Level 10.0 Fighting
 - Level 2.5(5.2) Axes
 + Level 7.2(7.5) Maces & Flails
 - Level 1.5 Throwing
 - Level 3.2 Dodging
 * Level 7.1 Spellcasting


You had 10 spell levels left.
You knew the following spells:

 Your Spells              Type           Power      Damage    Failure   Level
a - Searing Ray           Conj           50%        2d6       13%         2
b - Summon Guardian Gole  Hex/Summ       25%        N/A       26%         3
c - Irradiate             Conj/Tmut      12%        3d17      93%         5
g - Apportation           Tloc           50%        N/A       9%          1
A - Ozocubu's Armour      Ice            25%        N/A       26%         3
Your spell library was empty.

Dungeon Overview and Level Annotations

Branches:
Dungeon (10/15)            Temple (0/1) D:4            Lair (1/6) D:8
    Orc: D:9-12

Altars:
Fedhas
Gozag
Makhleb
Nemelex Xobeh
Okawaru
Trog
Wu Jian
Zin
The Shining One
Jiyva

Shops:
D:2 (   D:5 !   D:6 (([

Annotations:
D:5 3 runed translucent doors, Psyclone's ghost, novice OpVM


Innate Abilities, Weirdness & Mutations

You are immune to sickness and miasma.
You are immune to poison.
Your flesh is very heat resistant. (rF++)
You are vulnerable to cold. (rC-)
You float through the air rather than walking.
You learn spells naturally, not from books.
Your magical power is your life essence.
You have superior vitality. (+4 MHP)
Your skin perfectly mimics your surroundings (Stealth+++).
You are almost entirely resistant to further mutation and mutation removal.
You are very robust. (+20% HP)
You are covered in fur. (AC +1)
You have acidic saliva.
You are covered in slimy tendrils that may disarm your opponents.


Message History

You regained 2 hp, and now have 83/102 hp.
You completely miss the cane toad.
The water moccasin bites you but does no damage.
The bullfrog barely misses you.
The water moccasin bites you but does no damage.
The cane toad stings you!
A yak comes into view.
A komodo dragon comes into view.
A yak comes into view.
The bullfrog barely misses you.
You take 5 damage, and have 78/102 hp.
Okay, then.
The cane toad attacks as you move away! The cane toad stings you.
The bullfrog closely misses you.
A yak comes into view.
The water moccasin bites you but does no damage.
The bullfrog hits you but does no damage.
The water moccasin bites you but does no damage.
The cane toad stings you!
The bullfrog hits you but does no damage.
You take 11 damage, and have 67/102 hp.
The cane toad attacks as you move away! The cane toad stings you.
The water moccasin bites you but does no damage.
The cane toad closely misses you.
You take 1 damage, and have 66/102 hp.
You hit the cane toad.
The cane toad seems to slow down.
You freeze the cane toad. The water moccasin bites you.
The bullfrog barely misses you.
A water moccasin comes into view.
The water moccasin closely misses you.
A yak comes into view.
You take 2 damage, and have 64/102 hp.
You hit the cane toad. You freeze the cane toad.
You bite the cane toad, but do no damage.
The bullfrog hits you but does no damage.
The water moccasin bites you but does no damage.
The cane toad closely misses you. The bullfrog closely misses you.
You regained 2 hp, and now have 66/102 hp.
You sock the cane toad! You freeze the cane toad.
The cane toad is no longer moving slowly.
The water moccasin bites you but does no damage.
The bullfrog hits you but does no damage.
The cane toad stings you.
A water moccasin comes into view.
The water moccasin bites you but does no damage.
The bullfrog closely misses you.
You take 2 damage, and have 64/102 hp.
You hit the cane toad.
The cane toad seems to slow down.
You freeze the cane toad.
You bite the cane toad, but do no damage.
The water moccasin bites you but does no damage.
The bullfrog hits you but does no damage.
The cane toad stings you but does no damage.
It was a potion of heal wounds.
You feel much better.
N - 2 potions of heal wounds The water moccasin bites you!
The bullfrog hits you but does no damage.
The komodo dragon bites you! The cane toad barely misses you.
The bullfrog hits you but does no damage.
The water moccasin barely misses you.
You regained 3 hp, and now have 68/102 hp.
A film of ice covers your body! The komodo dragon barely misses you.
The bullfrog hits you.
The water moccasin completely misses you.
The water moccasin barely misses you.
You take 3 damage, and have 65/102 hp.
You hit the cane toad but do no damage.
You bite the cane toad, but do no damage.
The bullfrog barely misses you. The komodo dragon bites you!!
The water moccasin bites you but does no damage.
The cane toad barely misses you.
The water moccasin bites you but does no damage.
The bullfrog barely misses you.
You take 16 damage, and have 49/102 hp.
You hit the cane toad.
The cane toad seems to slow down.
You freeze the cane toad. Your punch misses the cane toad.
The water moccasin bites you. The komodo dragon barely misses you.
The water moccasin bites you. The cane toad stings you.
The bullfrog closely misses you. The water moccasin bites you!
You take 17 damage, and have 32/102 hp.
You barely miss the cane toad.
The bullfrog hits you but does no damage.
The komodo dragon completely misses you.
The water moccasin bites you but does no damage. x2
The water moccasin barely misses you. The cane toad stings you!
* * * LOW HITPOINT WARNING * * *
The bullfrog completely misses you.
You take 13 damage, and have 19/102 hp.
Your icy armour will break if you move.
Continue?
Your icy armour cracks and falls away as you move.
The water moccasin bites you!
* * * LOW HITPOINT WARNING * * *
The water moccasin bites you.
* * * LOW HITPOINT WARNING * * *
The yak completely misses you. The yak gores you!
* * * LOW HITPOINT WARNING * * *
The water moccasin barely misses you.
You take 14 damage, and have 5/102 hp.
The water moccasin attacks as you move away!
The water moccasin bites you but does no damage.
The bullfrog closely misses you. The yak gores you!
You die...

.......≈≈≈≈≈...#
.......≈≈≈≈≈≈..#
........≈≈≈≈≈..#
..$.....≈≈≈≈≈≈.##
#..<.≈≈≈≈≈..#
#..Y≈≈≈≈≈≈..#
##..≈≈≈FSS..#
#.YY≈≈SFYl.#
..P...YYlYY@..#
.......YY.....#
#...............#
...............##
..............##
.......(.....#
.[.......=#
......####


You could see 2 komodo dragons, 10 yaks, a cane toad (slow), 3 water moccasins
and a bullfrog.

Vanquished Creatures
  Erica (D:8)
  A two-headed ogre (D:9)
  Sigmund (D:2)
  A wraith (D:6)
  A wyvern (D:8)
  A basilisk (Lair:1)
  A steam dragon (D:7)
  5 orc warriors
  4 ice beasts
  2 sky beasts
  2 black bears
  6 ogres
  2 centaurs
  4 bullfrogs
  A scorpion (D:5)
  16 wights
  An electric eel (Lair:1)
  3 hounds
  6 orc priests
  3 gnoll shamans
  Jessica (D:2)
  Ijyb (D:5)
  Terence (D:3)
  Natasha (twice) (D:3)
  8 orc wizards
  3 iguanas
  11 adders
  12 gnolls
  2 shadow imps
  A white imp (D:6)
  2 ufetubi
  2 worms (D:3)
  2 dart slugs
  23 orcs
  9 ball pythons
  4 bats
  3 endoplasms (D:1)
  2 giant cockroaches (D:1)
  8 goblins
  9 hobgoblins
  6 jackals
  5 quokkas
  3 frilled lizards
  7 kobolds
  3 rats
192 creatures vanquished.

Vanquished Creatures (collateral kills)
  A two-headed ogre (D:9)
1 creature vanquished.

Vanquished Creatures (others)
  A centaur (D:8)
  A kobold brigand (D:7)
  A scorpion (D:6)
  12 jellies
  2 gnoll shamans (D:7)
  2 hounds (D:6)
  Crazy Yiuf (D:3)
  Natasha (D:3)
  2 orc wizards (D:8)
  5 gnolls (D:7)
  An adder (D:3)
  2 ufetubi
  3 dart slugs
  4 orcs
  2 endoplasms
  2 hobgoblins
  2 kobolds (D:3)
  A quokka (D:3)
  A bat (D:3)
  6 fungi
  14 plants
66 creatures vanquished.

Grand Total: 259 creatures vanquished

Notes
Turn   | Place    | Note
-------+----------+-------------------------------------------
     0 | D:1      | sokol815 the Djinni Gladiator began the quest for the Orb.
     0 | D:1      | Reached XP level 1. HP: 18/18 MP: 0/0
   175 | D:1      | Reached XP level 2. HP: 23/23 MP: 0/0
   335 | D:1      | Reached skill level 1 in Maces & Flails
   547 | D:1      | Found a faded altar of an unknown god.
   554 | D:1      | Prayed at the altar of an unknown god.
   554 | D:1      | Became a worshipper of Jiyva Juuvue the Shapeless
   554 | D:1      | Reached * piety under Jiyva
   652 | D:1      | Reached XP level 3. HP: 29/29 MP: 0/0
   652 | D:1      | Learned a level 1 spell: Apportation
  1024 | D:2      | Reached skill level 2 in Maces & Flails
  1024 | D:2      | Reached XP level 4. HP: 34/34 MP: 0/0
  1090 | D:2      | Noticed Sigmund
  1103 | D:2      | Reached skill level 3 in Fighting
  1309 | D:3      | Reached ** piety under Jiyva
  1355 | D:3      | Noticed Terence
  1362 | D:3      | Killed Terence
  1408 | D:3      | Reached XP level 5. HP: 40/40 MP: 0/0
  1408 | D:3      | Learned a level 2 spell: Searing Ray
  1486 | D:3      | Noticed Natasha
  1495 | D:3      | Killed Natasha
  1557 | D:3      | Killed Natasha
  1610 | D:3      | Found a glowing silver altar of Zin.
  1652 | D:3      | Found a runed translucent door.
  1653 | D:3      | Noticed Crazy Yiuf
  1660 | D:3      | Killed Crazy Yiuf
  1666 | D:3      | Identified the +9 mace of Xukkurph {freeze, *Corrode
                  | Fragile Str+8 Dex+9}
  1849 | D:3      | Reached skill level 1 in Spellcasting
  1858 | D:3      | Noticed Natasha
  1861 | D:3      | Killed Natasha
  1862 | D:3      | Reached XP level 6. HP: 40/46 MP: 0/0
  2003 | D:2      | Noticed Jessica
  2015 | D:2      | Killed Jessica
  2016 | D:2      | Reached skill level 3 in Maces & Flails
  2047 | D:2      | Reached *** piety under Jiyva
  2069 | D:2      | Killed Sigmund
  2070 | D:2      | Reached skill level 4 in Fighting
  2070 | D:2      | Reached skill level 2 in Spellcasting
  2070 | D:2      | Reached XP level 7. HP: 51/52 MP: 0/0
  2070 | D:2      | Learned a level 3 spell: Ozocubu's Armour
  2085 | D:2      | Identified the +5 whip "Jearph" {freeze, rN+}
  2210 | D:2      | Found Tesipay's Antique Weapon Boutique.
  2456 | D:3      | Gained mutation: You have acidic saliva. [Jiyva's grace]
  2456 | D:3      | Gained mutation: You are robust. (+10% HP) [Jiyva's grace]
  2456 | D:3      | Gained mutation: You are very robust. (+20% HP) [Jiyva's
                  | grace]
  2456 | D:3      | Gained mutation: You are extremely robust. (+30% HP)
                  | [Jiyva's grace]
  2696 | D:4      | Found a staircase to the Ecumenical Temple.
  3238 | D:4      | Found an iron altar of Okawaru.
  3376 | D:5      | Entered Level 5 of the Dungeon
  3388 | D:5      | Reached skill level 3 in Spellcasting
  3415 | D:5      | Reached skill level 5 in Fighting
  3415 | D:5      | Reached XP level 8. HP: 76/76 MP: 0/0
  3438 | D:5      | Reached **** piety under Jiyva
  3484 | D:5      | Found Vigokhet's Distillery.
  3495 | D:5      | Reached skill level 4 in Maces & Flails
  3506 | D:5      | Found a runed translucent gate.
  3507 | D:5      | Found a runed translucent gate.
  3550 | D:5      | Found an opulent altar of Gozag.
  3551 | D:5      | Found a runed translucent gate.
  3553 | D:5      | Found an opulent altar of Gozag.
  3554 | D:5      | Noticed a gargoyle
  3554 | D:5      | Noticed Psyclone's ghost (novice OpVM)
  3719 | D:5      | Noticed Ijyb
  3723 | D:5      | Killed Ijyb
  3827 | D:6      | Reached skill level 4 in Spellcasting
  3883 | D:6      | Reached skill level 6 in Fighting
  4020 | D:6      | Reached ***** piety under Jiyva
  4024 | D:6      | Found Giuxur's Antique Armour Shop.
  4026 | D:6      | Noticed a wraith
  4039 | D:6      | Killed a wraith
  4040 | D:6      | Reached XP level 9. HP: 74/87 MP: 0/0
  4040 | D:6      | Learned a level 3 spell: Summon Guardian Golem
  4121 | D:6      | Lost mutation: You are extremely robust. (+30% HP) [Jiyva's
                  | grace]
  4121 | D:6      | Gained mutation: Your skin changes colour to match your
                  | surroundings (Stealth+). [Jiyva's grace]
  4121 | D:6      | Gained mutation: Your skin blends seamlessly with your
                  | surroundings (Stealth++). [Jiyva's grace]
  4121 | D:6      | Gained mutation: Your skin perfectly mimics your
                  | surroundings (Stealth+++). [Jiyva's grace]
  4121 | D:6      | Gained mutation: You are covered in fur. (AC +1) [Jiyva's
                  | grace]
  4137 | D:6      | Found Maycann's Antique Weapon Shoppe.
  4192 | D:6      | Found Teyvveal's Weapon Boutique.
  4515 | D:7      | Found a burning altar of Makhleb.
  4525 | D:7      | Reached skill level 7 in Fighting
  4528 | D:7      | Reached skill level 5 in Spellcasting
  4593 | D:7      | Reached skill level 5 in Maces & Flails
  4754 | D:7      | Reached skill level 8 in Fighting
  4988 | D:7      | HP: 20/85 [centaur/arrow (6)]
  5072 | D:7      | Reached XP level 10. HP: 89/92 MP: 0/0
  5133 | D:7      | Reached skill level 9 in Fighting
  5134 | D:7      | HP: 22/93 [gnoll shaman/+0 whip (11)]
  5179 | D:7      | Reached skill level 6 in Maces & Flails
  5530 | D:8      | Noticed Erica
  5625 | D:8      | Found a staircase to the Lair.
  5647 | D:8      | Found an ornate altar of the Wu Jian Council.
  5781 | D:8      | Killed Erica
  5782 | D:8      | Reached skill level 10 in Fighting
  5886 | D:8      | Found a sparkling altar of Nemelex Xobeh.
  6076 | D:9      | You are sucked into a shaft and drop 1 floor!
  6076 | D:10     | Entered Level 10 of the Dungeon
  6149 | D:9      | Found a blossoming altar of Fedhas.
  6156 | D:9      | Reached ****** piety under Jiyva
  6194 | D:9      | Noticed a two-headed ogre
  6204 | D:9      | Killed a two-headed ogre
  6205 | D:9      | Reached skill level 6 in Spellcasting
  6232 | D:9      | Noticed a two-headed ogre
  6233 | D:9      | Noticed a manticore
  6344 | D:9      | Found a bloodstained altar of Trog.
  6482 | D:9      | Gained mutation: You are covered in slimy tendrils that may
                  | disarm your opponents. [Jiyva's grace]
  6482 | D:9      | Gained mutation: You are somewhat resistant to further
                  | mutation. [Jiyva's grace]
  6482 | D:9      | Gained mutation: You are somewhat resistant to both further
                  | mutation and mutation removal. [Jiyva's grace]
  6482 | D:9      | Gained mutation: You are almost entirely resistant to
                  | further mutation and mutation removal. [Jiyva's grace]
  6560 | D:9      | Reached skill level 7 in Maces & Flails
  6617 | D:9      | Found a glowing golden altar of the Shining One.
  6625 | D:9      | Killed a two-headed ogre
  6626 | D:9      | Reached skill level 7 in Spellcasting
  6626 | D:9      | Reached XP level 11. HP: 70/102 MP: 0/0
  6626 | D:9      | Learned a level 5 spell: Irradiate
  6734 | D:9      | HP: 18/102 [manticore (20)]
  6838 | Lair:1   | Entered Level 1 of the Lair of Beasts
  6864 | Lair:1   | HP: 19/102 [cane toad (15)]
  6865 | Lair:1   | HP: 5/102 [yak (7)]
  6866 | Lair:1   | Slain by a yak

Illustrated notes

Levels and vault maps discovered:
D:1:      erik_arrival_blinker_ship, layout_loops_ring,
          hellmonk_ecumenical_altar_arch_garden, chequers_serial_rivers_small_3
D:2:      minmay_evil_eye, layout_basic, serial_shops, nicolae_shop_trees,
          supply_closet_lemuel, uniq_sigmund, uniq_jessica
D:3:      minmay_razor_zed, layout_basic, zin_statuary, uniq_terence,
          uniq_crazy_yiuf_cottage, uniq_natasha
D:4:      layout_loops_ring, mainiacjoe_overflow_alcove_4,
          minmay_temple_entry_junction
D:5:      layout_cave_pools, nicolae_gozag_seed_capital, ebering_ghost_gozag,
          serial_shops, nicolae_diamond_shop, uniq_ijyb
D:6:      layout_loops_cross, serial_shops, kennysheep_mini_moat,
          nicolae_shop_bloodbath_and_beyond,
          nicolae_shop_temple_entry_statues_fountains, minmay_crossroads
D:7:      kennysheep_seaside_town, layout_loops_ring, david_defended_altar_orc
D:8:      layout_rooms, nemelex_spade_bored_becter,
          mainiacjoe_overflow_brackets, lair_entry_dummy, uniq_erica
D:9:      layout_loops_cross, mainiacjoe_overflow_small_starburst,
          mainiacjoe_overflow_concentric_impassable,
          mainiacjoe_overflow_boulevard, library_closet,
          lightli_fourway_metalbox
D:10:     layout_gridville, amcnicky_altar_gilded, mainiacjoe_overflow_24_doors,
          david_orc_2
Lair:1:   layout_cave_pods, minivault_26, minivault_26,
          chequers_serial_rivers_micro_c, grunt_megastairs_1,
          infiniplex_staircase_pool

Skill      XL: |  1  2  3  4  5  6  7  8  9 10 |
---------------+-------------------------------+-----
Maces & Flails | 1 2 3 4 5 7 |  7.2
Fighting       | 3 4 5 6 8 10 | 10.0
Spellcasting   | 1 2 3 4 5 7 |  7.1
Axes           | |  2.5
Throwing       | |  1.5
Dodging        | |  3.2

Action                   |  1- 3 |  4- 6 |  7- 9 | 10-12 || total
-------------------------+-------+-------+-------+-------++-------
Melee: War axe           |     4 |       |       |       ||     4
       Whip              |    81 |    31 |       |       ||   112
       Punch             |     1 |       |     2 |     1 ||     4
       Mace              |       |    33 |   211 |   144 ||   388
       Bite              |       |       |    21 |    12 ||    33
Throw: Javelin           |     3 |       |       |     4 ||     7
 Cast: Ozocubu's Armour  |       |       |       |     1 ||     1
Evoke: Wand              |       |       |     3 |     4 ||     7
  Use: Scroll            |     1 |     3 |     7 |     2 ||    13
       Potion            |       |       |       |     5 ||     5
 Stab: Sleeping          |     1 |       |     3 |     3 ||     7
       Distracted        |       |       |     1 |     3 ||     4
Armor: Leather armour    |    22 |     4 |       |       ||    26
       Chain mail        |       |    24 |   146 |   107 ||   277
Dodge: Dodged            |    54 |    16 |    99 |    98 ||   267

Table legend: (Time is in decaauts)
 A = Elapsed time spent in this place.
 B = Non-inter-level travel time spent in this place.
 C = Inter-level travel time spent in this place.
 D = Time resting spent in this place.
 E = Time spent auto-exploring this place.
 F = Levels seen in this place.
 G = Mean time per level.
                   A        B        C        D        E       F      G
               +--------+--------+--------+--------+--------+-----+--------+
         Total |   6938 |   6478 |    460 |    116 |   4843 |  11 |  630.7 |
       Dungeon |   6910 |   6450 |    460 |    116 |   4843 |  10 |  691.0 |
          Lair |     28 |     28 |      0 |      0 |      0 |   1 |   28.0 |
               +--------+--------+--------+--------+--------+-----+--------+

Top non-repeatable levels by time:
     D:7: 1130 daAuts
     D:3: 1061 daAuts
     D:1: 989 daAuts
     D:4: 708 daAuts
     D:6: 705 daAuts
     D:2: 640 daAuts
     D:9: 629 daAuts
     D:8: 557 daAuts
     D:5: 437 daAuts
    D:10: 49 daAuts
  Lair:1: 28 daAuts

Table legend:
 A = Kills in this place as a percentage of kills in entire the game.
 B = Kills by you in this place as a percentage of kills by you in the entire game.
 C = Kills by friends in this place as a percentage of kills by friends in the entire game.
 D = Other kills in this place as a percentage of other kills in the entire game.
 E = Experience gained in this place as a percentage of experience gained in the entire game.
 F = Experience gained in this place divided by the number of levels of this place that you have seen.
                   A       B       C       D       E      F
               +-------+-------+-------+-------+-------+----------------------
         Total | 100.0 | 100.0 | 100.0 | 100.0 | 100.0 | 801.8
       Dungeon |  99.0 |  99.0 | 100.0 | 100.0 |  97.2 | 857.2
          Lair |   1.0 |   1.0 |   0.0 |   0.0 |   2.8 | 248.0
               +-------+-------+-------+-------+-------+----------------------
